 Dungeon Sprint DCSS version 0.21.0-25-ge575cb9 (webtiles) character file.

941 doot the Covert (level 7, -2/33 HPs)
             Began as a Spriggan Enchanter on Jan 26, 2018.
             Was a Priest of Lugonu.
             Killed from afar by an oklob sapling wizard (7 damage)
             ... with a magic dart
             ... in the Dungeon (Sprint IV: "Fedhas' Mad Dash").
             The game lasted 00:05:18 (1133 turns).

doot the Covert (Spriggan Enchanter)                Turns: 1133, Time: 00:05:18

Health: -2/33      AC: -2    Str:  4    XL:     7   Next: 88%
Magic:  19/21      EV: 20    Int: 17    God:    Lugonu [***...]
Gold:   74         SH:  0    Dex: 18    Spells: 17/26 levels left

rFire    . . .     SeeInvis +   a - +1 dagger
rCold    . . .     Gourm    .   (shield restricted)
rNeg     . . .     Faith    .   b - +0 robe
rPois    .         Spirit   .   (helmet restricted)
rElec    .         Reflect  .   (no cloak)
rCorr    .         Harm     .   (gloves unavailable)
MR       +....     NoTele   +   (boots unavailable)
Stlth    +++++.....             i - amulet of invisibility {+Inv}
HPRegen  0.11/turn              (no ring)
MPRegen  0.17/turn              (no ring)

@: corroded, very slightly contaminated, invisible, very quick
A: very small, unfitting armour, see invisible, herbivore, speed 3, slow
metabolism 2
a: Bend Space, Banish, Renounce Religion


You were in the Dungeon.
You worshipped Lugonu.
Lugonu was most pleased with you.
You were very hungry.

You visited 1 branch You collected 74 gold pieces.

Inventory:

Hand Weapons
 a - a +1 dagger (weapon)
Armour
 b - a +0 robe (worn)
Jewellery
 i - the amulet of invisibility (around neck) {+Inv}
   (You found it in the Dungeon)

   [amulet of nothing]

   It lets you turn invisible.
Scrolls
 j - a scroll of blinking
Potions
 e - a potion of curing
 f - a potion of heal wounds
 g - a potion of haste
 h - 2 potions of magic
Books
 c - a book of Maledictions

   Spells                             Type                      Level
   a - Corona                         Hexes                        1
   b - Ensorcelled Hibernation        Hexes/Ice                    2
   c - Confuse                        Hexes                        3
   d - Tukima's Dance                 Hexes                        3
   e - Dazzling Spray                 Conjuration/Hexes            3
Comestibles
 d - 2 rations


   Skills:
 + Level 1.4 Fighting
 + Level 4.3 Short Blades
 + Level 4.7 Dodging
 + Level 12.7 Stealth
 + Level 10.0 Spellcasting
 + Level 10.4 Hexes
 + Level 2.9 Ice Magic
 * Level 3.6 Invocations
 + Level 8.9 Evocations


You had 17 spell levels left.
You knew the following spells:

 Your Spells              Type           Power        Failure   Level  Hunger
a - Corona                Hex            #####..      1%          1    None
b - Ensorcelled Hibernat  Hex/Ice        ####..       1%          2    None
c - Confuse               Hex            #####...     1%          3    None
d - Dazzling Spray        Conj/Hex       ####..       3%          3    None


Dungeon Overview and Level Annotations

Branches:
Dungeon (1/1)

Altars:
Cheibriados
Dithmenos
Elyvilon
Gozag
Hepliaklqana
Kikubaaqudgha
Makhleb
Nemelex Xobeh
Okawaru
Qazlal
Ru
Sif Muna
Trog
Uskayaw
Vehumet
Wu Jian
Xom
Yredelemnul
Zin
The Shining One
Beogh
Jiyva
Lugonu

Annotations:
D exclusion: oklob sapling


Innate Abilities, Weirdness & Mutations

You are very small and have problems with some larger weapons.
You are too small for most types of armour.
You have supernaturally acute eyesight. (SInv)
You are a herbivore.
You cover ground extremely quickly.
You need consume almost no food.


Message History

Marking area around the oklob sapling wizard as unsafe for travelling.
An oklob sapling wizard comes into view.
Found a leather armour.
You fail to use your ability.
You fail to use your ability.
You fade into invisibility!
You are very lightly contaminated with residual magic.
You are feeling very hungry.
Really walk into a travel-excluded area? [Y]es or [N]o only, please.
Really walk into a travel-excluded area?
The oklob sapling wizard spits acid at something.
The splash of acid hits you! The acid corrodes you!
You are splashed with acid!
The acid burns!
* * * LOW HITPOINT WARNING * * *
Found a leather armour.
There is an open door here.
The oklob sapling wizard stares at you and mumbles some strange words.
The magic dart hits you!
You die...

#####################
...#.⌠._._._._.⌠.#.[+
[).'.._._._._._..'.P#
...#..._._._._..@#..#
#'##.._._._._._..#.[#
...#._._._._._.⌠.####
...###############
####


You could see an oklob sapling wizard.

Vanquished Creatures
  An oklob plant (D)
  A queen bee (D)
  3 oklob saplings (D)
  4 killer bees (D)
  A worker ant (D)
  A river rat (D)
  A rat (D)
12 creatures vanquished.

Notes
Turn   | Place    | Note
-------+----------+-------------------------------------------
     0 | D        | doot the Spriggan Enchanter began the quest for the Orb.
     0 | D        | Reached XP level 1. HP: 9/9 MP: 5/5
    27 | D        | Reached skill level 5 in Stealth
    27 | D        | Reached XP level 2. HP: 13/13 MP: 5/7
    78 | D        | Learned a level 2 spell: Ensorcelled Hibernation
   166 | D        | Noticed an oklob sapling
   175 | D        | Reached skill level 6 in Stealth
   175 | D        | Reached skill level 5 in Hexes
   175 | D        | Reached XP level 3. HP: 16/16 MP: 1/9
   250 | D        | Found the amulet of invisibility {+Inv}
   264 | D        | Noticed an oklob sapling
   271 | D        | Found an opulent altar of Gozag.
   271 | D        | Found a hazy altar of Hepliaklqana.
   271 | D        | Found a roughly hewn altar of Beogh.
   271 | D        | Found a snail-covered altar of Cheibriados.
   272 | D        | Found a viscous altar of Jiyva.
   272 | D        | Found a burning altar of Makhleb.
   272 | D        | Found a sparkling altar of Nemelex Xobeh.
   272 | D        | Found a sacrificial altar of Ru.
   272 | D        | Found a deep blue altar of Sif Muna.
   272 | D        | Found a bloodstained altar of Trog.
   272 | D        | Found an ornate altar of the Wu Jian Council.
   272 | D        | Found a shimmering altar of Xom.
   272 | D        | Found a basalt altar of Yredelemnul.
   272 | D        | Noticed an oklob sapling priest
   273 | D        | Found an iron altar of Okawaru.
   273 | D        | Found a glowing silver altar of Zin.
   273 | D        | Found a shadowy altar of Dithmenos.
   274 | D        | Found a hide-covered altar of Uskayaw.
   274 | D        | Found an ancient bone altar of Kikubaaqudgha.
   275 | D        | Found a stormy altar of Qazlal.
   275 | D        | Found a glowing golden altar of the Shining One.
   275 | D        | Found a white marble altar of Elyvilon.
   276 | D        | Found a radiant altar of Vehumet.
   276 | D        | Found a corrupted altar of Lugonu.
   279 | D        | Killed an oklob sapling priest
   279 | D        | Reached skill level 7 in Stealth
   279 | D        | Reached skill level 5 in Spellcasting
   279 | D        | Reached skill level 1 in Ice Magic
   279 | D        | Reached XP level 4. HP: 21/21 MP: 9/12
   285 | D        | Became a worshipper of Lugonu the Unformed
   285 | D        | Reached * piety under Lugonu
   321 | D        | Learned a level 3 spell: Confuse
   411 | D        | Reached skill level 8 in Stealth
   581 | D        | Noticed a queen bee
   768 | D        | Reached ** piety under Lugonu
   768 | D        | Reached skill level 9 in Stealth
   768 | D        | Reached skill level 5 in Evocations
   768 | D        | Reached XP level 5. HP: 20/24 MP: 5/15
   841 | D        | Learned a level 3 spell: Dazzling Spray
   843 | D        | Killed a queen bee
   843 | D        | Reached skill level 10 in Stealth
   843 | D        | Reached XP level 6. HP: 29/29 MP: 14/18
   846 | D        | Reached skill level 11 in Stealth
   889 | D        | Reached *** piety under Lugonu
   889 | D        | Reached XP level 7. HP: 32/32 MP: 16/20
   923 | D        | Noticed an oklob plant
   928 | D        | Killed an oklob plant
   928 | D        | Reached skill level 1 in Fighting
   928 | D        | Reached skill level 12 in Stealth
   928 | D        | Reached skill level 10 in Spellcasting
   928 | D        | Reached skill level 10 in Hexes
  1133 | D        | Killed from afar by an oklob sapling wizard

Skill      XL: |  1  2  3  4  5  6  7 |
---------------+----------------------+-----
Stealth        | 5 6 7 9 10 11 12 | 12.7
Spellcasting   | 3 4 5 6 8 10 | 10.0
Hexes          | 4 5 6 7 9 10 | 10.4
Dodging        | 4 |  4.7
Ice Magic      | 1 2 |  2.9
Evocations     | 2 5 7 8 |  8.9
Short Blades   | 2 3 4 |  4.3
Fighting       | 1 |  1.4
Invocations    | 3 |  3.6

Action                   |  1- 3 |  4- 6 |  7- 9 || total
-------------------------+-------+-------+-------++-------
Melee: Dagger            |    19 |    23 |     3 ||    45
 Cast: Corona            |     2 |       |       ||     2
       Ensorcelled Hiber |     6 |     6 |       ||    12
       Confuse           |       |     8 |       ||     8
 Abil: Evoke Invisibilit |     1 |     2 |     2 ||     5
  Use: Potion            |     1 |       |       ||     1
 Stab: Sleeping          |     3 |     6 |     1 ||    10
       Confused          |       |     1 |       ||     1
       Invisible         |       |     1 |       ||     1
Dodge: Dodged            |    14 |     5 |       ||    19
